Map: Arctic Dream LE

Players

UBFoxHound

  • Race: Terran Terran
  • Spawn Location: 11:00

Kizo

  • Race: Terran Terran
  • Spawn Location: 12:00

Akira - Winner!

  • Race: Terran Terran
  • Spawn Location: 6:00

Shira - Winner!

  • Race: Protoss Protoss
  • Spawn Location: 5:00

VOD

Have the link to the VOD?

Description

Time

  • Played on: Sept. 15, 2020, 8:25 a.m.
  • Length: 8:22
Show
View Real Time Build Order
Export as new Build Order

UBFoxHound Terran 

Build Orders:  

Get SALT Encoding   

  12  0:01  SCV  
  13  0:13  SCV  
  14  0:25  SCV  
  15  0:32  Supply Depot  
  15  0:50  Supply Depot  
  15  0:57  Barracks  
  15  1:00  SCV  
  16  1:05  Refinery  
  16  1:12  SCV  
  17  1:24  SCV  
  18  1:36  SCV  
  19  1:48  Engineering Bay, SCV  
  20  2:01  SCV  
  21  2:07  Barracks Tech Lab  
  21  2:11  Supply Depot  
  21  2:13  SCV  
  22  2:38  Command Center  
  22  2:44  Bunker  
  22  2:46  Marauder  
  24  2:54  Refinery  
  24  2:55  Orbital Command  
  24  3:06  Concussive Shells  
  24  3:08  Marauder  
  26  3:25  Missile Turret  
  26  3:29  Marauder  
  27  3:48  Missile Turret  
  27  3:50  Marauder  
  29  4:02  SCV  
  28  4:12  Marauder  
  28  4:14  SCV  
  31  4:31  Factory  
  31  4:33  SCV, Marine  
  33  4:50  Marine  
  31  5:08  Marine  
  32  5:17  Terran Infantry Weapons Level 1  
  32  5:19  Barracks  
  32  5:24  Factory Tech Lab  
  32  5:26  Marine  
  30  5:44  Marine  
  30  5:45  Stimpack  
  31  6:02  Marine  
  32  6:07  Barracks  
  32  6:19  Marine  
  33  6:37  Marine  
  34  6:40  Siege Tank  
  37  6:48  SCV  
  37  6:50  Barracks Reactor  
  38  6:55  Marine  
  38  6:56  Barracks Reactor  
  38  7:00  SCV  
  40  7:09  Refinery  
  40  7:12  SCV, Siege Tank  
  40  7:13  Refinery, Marine  
  45  7:24  SCV  
  46  7:31  Marauder  
  46  7:36  SCV  
Show
View Real Time Build Order
Export as new Build Order

Kizo Terran 

Build Orders: Command Center First (CC) 

Get SALT Encoding   

  12  0:03  SCV  
  13  0:15  SCV  
  14  0:28  Refinery  
  14  0:31  SCV  
  15  0:54  Supply Depot  
  15  1:16  SCV  
  15  1:17  Command Center  
  16  1:23  Supply Depot  
  16  1:28  SCV  
  17  1:54  Barracks  
  17  2:16  SCV  
  18  2:28  SCV  
  19  2:33  SCV  
  20  2:42  Supply Depot  
  20  2:45  SCV  
  21  2:55  SCV  
  21  2:57  SCV  
  21  2:58  Refinery  
  23  3:02  Barracks Tech Lab  
  23  3:05  Supply Depot  
  23  3:07  SCV  
  23  3:09  SCV  
  25  3:20  SCV  
  25  3:21  SCV  
  27  3:32  SCV, Marine  
  27  3:33  SCV  
  30  3:41  Combat Shield  
  30  3:45  SCV  
  31  3:50  Marine  
  32  3:58  SCV  
  33  4:08  Marine  
  34  4:10  SCV  
  34  4:25  Marine  
  34  4:43  Marine  
  28  5:00  Stimpack  
  28  5:01  Marine  
  21  5:19  Marine  
  14  5:48  Marauder  
  9  6:09  Marauder  
  7  6:31  Marauder  
  9  6:52  Marauder  
  10  7:14  Marauder  
Show
View Real Time Build Order
Export as new Build Order

Akira Terran - Winner!

Build Orders:  

Get SALT Encoding   

  12  0:00  SCV  
  13  0:12  SCV  
  14  0:17  Supply Depot  
  14  0:24  SCV  
  15  0:39  SCV  
  15  0:41  Barracks  
  16  0:48  Refinery  
  16  0:51  SCV  
  17  1:03  SCV  
  18  1:15  SCV  
  19  1:27  SCV  
  19  1:31  Marine  
  21  1:35  Command Center  
  21  1:41  Orbital Command  
  21  1:49  Marine  
  22  2:07  Reaper  
  23  2:21  Supply Depot  
  23  2:42  SCV  
  24  2:48  Refinery, SCV  
  25  2:55  SCV, Supply Depot  
  25  2:56  Marine  
  27  3:00  SCV  
  28  3:08  SCV  
  29  3:12  SCV  
  29  3:17  Factory, Supply Depot  
  30  3:24  Barracks Reactor  
  30  3:25  SCV  
  31  3:41  Supply Depot  
  31  4:01  Starport  
  31  4:09  Supply Depot  
  31  4:13  Orbital Command  
  31  4:17  Factory Tech Lab  
  31  4:19  Marine x2  
  32  4:32  Supply Depot  
  32  4:37  Marine x2  
  34  4:39  Barracks  
  34  4:47  Engineering Bay, Starport Reactor  
  34  4:50  SCV  
  35  4:53  SCV  
  35  4:54  Marine  
  35  4:55  Marine  
  35  4:57  Refinery  
  38  5:03  SCV  
  38  5:06  SCV  
  40  5:12  Marine x2  
  42  5:14  Engineering Bay, Supply Depot  
  42  5:15  SCV  
  42  5:18  SCV  
  44  5:26  Medivac x2  
  44  5:27  SCV  
  44  5:28  Barracks  
  49  5:30  Marine x2, Barracks Tech Lab  
  51  5:37  Supply Depot  
  51  5:44  SCV  
  51  5:48  Marine x2  
  51  5:49  Terran Infantry Weapons Level 1  
  54  5:50  Refinery  
  54  5:55  Terran Infantry Armor Level 1  
  54  5:56  SCV  
  55  6:00  Supply Depot  
  55  6:05  SCV  
  55  6:06  Marine x2  
  55  6:08  SCV  
  59  6:14  Marine  
  59  6:16  Barracks  
  59  6:17  SCV  
  61  6:20  SCV  
  61  6:22  Supply Depot  
  61  6:24  Marine x2  
  64  6:32  Marine  
  65  6:34  Stimpack  
  65  6:40  SCV  
  65  6:41  Marine  
  65  6:42  Marine  
  65  6:46  SCV, Supply Depot  
  69  6:50  Marine  
  69  6:52  SCV  
  71  6:58  SCV  
  71  6:59  Command Center, Marine x2  
  74  7:03  Marine  
  74  7:04  Marine  
  74  7:05  Armory  
  74  7:07  Medivac  
  74  7:08  Marine  
  79  7:17  Marine x2  
  79  7:21  Marine x2  
  79  7:22  Supply Depot  
  83  7:25  Marine  
  84  7:32  Bunker  
  84  7:35  Marine x2  
  86  7:39  Marine  
  87  7:44  Supply Depot  
  87  7:54  Fusion Core  
Show
View Real Time Build Order
Export as new Build Order

Shira Protoss - Winner!

Build Orders:  

Get SALT Encoding   

  12  0:01  Probe  
  13  0:13  Probe  
  14  0:23  Pylon  
  14  0:25  Probe  
  15  0:41  Probe (Chrono Boost)  
  15  0:42  Gateway  
  16  0:52  Probe (Chrono Boost)  
  17  0:57  Probe (Chrono Boost)  
  17  0:58  Pylon  
  18  1:07  Probe  
  19  1:18  Gateway  
  19  1:19  Probe  
  19  1:23  Assimilator  
  20  1:31  Forge, Probe  
  21  1:47  Probe  
  21  1:52  Assimilator  
  22  1:58  Cybernetics Core  
  22  2:00  Probe (Chrono Boost)  
  23  2:09  Zealot x2  
  27  2:24  Probe  
  28  2:35  Pylon  
  28  2:36  Warp Gate (Chrono Boost)  
  28  2:42  Adept  
  30  2:53  Adept  
  30  2:54  Probe  
  33  3:04  Nexus  
  33  3:05  Pylon  
  33  3:07  Probe  
  34  3:17  Adept  
  34  3:19  Probe  
  37  3:30  Stalker  
  39  3:45  Shield Battery  
  39  3:46  Photon Cannon  
  39  3:51  Adept  
  41  3:58  Probe  
  42  4:27  Robotics Facility  
  42  4:38  Shield Battery  
  42  4:56  Stalker x2  
  46  5:04  Shield Battery  
  46  5:12  Probe (Chrono Boost)  
  46  5:13  Probe (Chrono Boost)  
  48  5:24  Pylon, Probe (Chrono Boost)  
  48  5:25  Probe (Chrono Boost)  
  50  5:37  Warp Prism  
  52  5:44  Gateway  
  52  5:48  Gateway  
  52  5:49  Gateway  
  52  5:51  Gateway  
  52  6:07  Photon Cannon, Probe (Chrono Boost)  
  52  6:09  Probe (Chrono Boost)  
  55  6:20  Stalker x2  
  55  6:21  Probe (Chrono Boost)  
  55  6:22  Immortal  
  55  6:24  Probe (Chrono Boost)  
  64  6:27  Probe (Chrono Boost)  
  65  6:36  Robotics Bay  
  65  6:50  Probe  
  65  6:51  Probe  
  67  6:56  Assimilator  
  67  7:00  Assimilator  
  67  7:02  Probe  
  67  7:03  Probe  
  63  7:46  Zealot  
  63  7:47  Zealot x3  
  67  8:05  Twilight Council  
Tags
 
Add a new tag
Caveats
  • Supply blocks, unpowered buildings, or Contaminate may cause inaccurate times.
  • Supply counts are checked every 10 seconds.